Map: King's Cove LE

Players

MaSa - Winner!

  • Race: Terran Terran
  • League: Master
  • Spawn Location: 11:00

Astrea

  • Race: Protoss Protoss
  • League: Grandmaster
  • Spawn Location: 5:00

Event: 2019 WCS Winter Americas

VOD

Have the link to the VOD?

Description

Time

  • Played on: March 24, 2019, 1:52 p.m.
  • Length: 18:09

All games in this series

Show
View Real Time Build Order
Export as new Build Order

MaSa Terran - Winner!

Build Orders: Reaper Expand, Mech 

Get SALT Encoding   

  12  0:00  SCV  
  13  0:12  SCV  
  14  0:17  Supply Depot  
  14  0:24  SCV  
  15  0:39  SCV  
  15  0:41  Barracks  
  16  0:44  Refinery  
  16  0:51  SCV  
  17  1:03  SCV  
  18  1:15  SCV  
  19  1:28  Reaper, Orbital Command  
  20  1:40  Command Center  
  20  1:51  Supply Depot  
  20  1:53  SCV  
  21  2:00  Barracks Reactor  
  21  2:05  SCV  
  22  2:18  SCV  
  22  2:22  Command Center  
  23  2:30  SCV  
  23  2:34  Barracks  
  24  2:39  Marine x2  
  24  2:42  SCV  
  27  2:50  Barracks  
  27  2:56  Orbital Command  
  27  2:59  SCV  
  27  3:01  Marine  
  27  3:03  Marine  
  30  3:11  SCV  
  31  3:22  Marine x2  
  31  3:23  SCV, Barracks Tech Lab  
  31  3:26  SCV  
  35  3:29  Refinery  
  35  3:35  SCV, Orbital Command  
  35  3:38  SCV  
  37  3:42  Engineering Bay  
  37  3:45  Marine  
  37  3:46  Marine  
  37  3:48  Barracks Reactor  
  39  3:49  SCV  
  40  3:55  Stimpack  
  40  3:57  SCV  
  40  4:01  Factory  
  41  4:03  SCV  
  41  4:04  SCV  
  41  4:08  Marine  
  41  4:09  SCV, Marine  
  46  4:11  Marine  
  47  4:19  SCV x2, Bunker  
  47  4:22  Terran Infantry Weapons Level 1  
  49  4:24  SCV  
  49  4:26  Marine  
  49  4:27  Marine  
  49  4:30  Marine, Supply Depot  
  53  4:31  SCV, Marine  
  53  4:32  Marine  
  53  4:37  Supply Depot  
  53  4:38  SCV x2  
  57  4:42  Refinery  
  57  4:44  Marine  
  59  4:46  SCV  
  59  4:47  Refinery  
  59  4:50  SCV  
  59  4:51  Factory Reactor  
  60  4:53  SCV  
  60  4:55  Marine  
  60  4:57  Starport  
  60  4:58  SCV  
  63  5:02  SCV, Supply Depot  
  63  5:05  SCV  
  65  5:09  Marine x2  
  65  5:10  SCV, Marine x2  
  70  5:14  SCV  
  70  5:16  Barracks  
  70  5:17  SCV  
  70  5:18  Barracks  
  72  5:22  SCV  
  72  5:23  Supply Depot  
  72  5:26  SCV  
  74  5:29  Marine x4  
  74  5:32  SCV  
  79  5:37  Orbital Command  
  79  5:38  SCV, Marine  
  81  5:43  Factory  
  81  5:44  Factory Tech Lab  
  81  5:45  Factory  
  81  5:46  Medivac, Marine  
  81  5:48  Medivac  
  86  5:53  Marine x2  
  86  5:54  SCV, Marine  
  86  5:55  SCV  
  91  5:58  Supply Depot  
  91  6:02  SCV  
  92  6:06  SCV  
  92  6:07  Supply Depot, Barracks Tech Lab  
  92  6:09  Barracks Reactor  
  92  6:10  Refinery  
  93  6:14  Refinery  
  93  6:15  Missile Turret  
  93  6:19  SCV x2  
  93  6:20  Siege Tank  
  93  6:21  Marine x2  
  93  6:22  SCV  
  101  6:25  Combat Shield  
  101  6:32  SCV x2  
  103  6:34  Marine x2  
  103  6:35  Medivac x2  
  103  6:36  Factory Tech Lab  
  103  6:37  Factory Tech Lab  
  109  6:43  Supply Depot  
  109  6:44  Supply Depot  
  109  6:45  Terran Infantry Armor Level 1  
  109  6:59  SCV, Marine  
  109  7:02  SCV, Marine  
  109  7:03  SCV  
  109  7:05  Siege Tank  
  109  7:10  Marine  
  109  7:11  SCV, Siege Tank, Marine x5  
  109  7:12  Medivac  
  109  7:13  Medivac  
  109  7:14  SCV  
  109  7:15  SCV  
  113  7:16  Marine  
  113  7:18  Siege Tank  
  113  7:20  Marine  
  118  7:23  SCV, Concussive Shells  
  118  7:27  SCV  
  118  7:28  Marine  
  118  7:29  Marine x3  
  124  7:31  SCV  
  124  7:32  Supply Depot x2  
  124  7:34  Armory, Engineering Bay  
  125  7:38  Supply Depot  
  125  7:48  Factory Tech Lab  
  125  7:53  SCV x2, Siege Tank x2, Marine x5  
  125  7:57  Medivac  
  140  7:58  Supply Depot  
  140  7:59  Medivac, Supply Depot  
  140  8:02  Marine  
  140  8:03  Marauder, Marine  
  146  8:11  Marine x2  
  149  8:19  Marine x2  
  147  8:20  Marine x2  
  147  8:21  Terran Infantry Weapons Level 2  
  147  8:22  Terran Vehicle Weapons Level 1  
  147  8:25  Siege Tank x2, Marine  
  147  8:27  Command Center  
  149  8:29  Marauder  
  149  8:30  Marine  
  149  8:32  Barracks Tech Lab  
  152  8:37  Medivac, Marine x2  
  152  8:41  Siege Tank  
  159  8:45  Supply Depot x2  
  159  8:46  Supply Depot  
  159  8:47  Marine x4  
  163  8:48  Medivac  
  165  8:59  Terran Infantry Armor Level 2  
  165  9:05  Marine  
  165  9:06  Marine x3  
  165  9:07  Marauder x2  
  165  9:08  Supply Depot  
  165  9:09  Siege Tank  
  175  9:20  Siege Tank, Marine  
  178  9:28  Marauder x2, Siege Tank  
  185  9:33  Marine x3  
  185  9:37  Marine x2  
  185  9:38  Marine  
  190  9:41  Siege Tank  
  192  9:50  Marauder x2  
  192  9:51  Marine  
  171  9:53  Marine x2  
  171  9:55  Marine x2  
  171  9:56  Marine  
  171  9:57  Siege Tank  
  167  10:05  Siege Tank  
  166  10:09  Marine  
  166  10:11  Marauder x2, Marine x2  
  166  10:13  Siege Tank, Marine  
  168  10:15  Medivac  
  168  10:16  Medivac  
  168  10:20  Marine x2  
  164  10:24  Command Center  
  164  10:26  Marine  
  165  10:28  Marine  
  165  10:29  Missile Turret, Marine  
  165  10:30  Marine, Barracks  
  165  10:32  Marauder, Marine  
  165  10:33  Barracks, Ghost Academy  
  165  10:34  Barracks  
  165  10:38  Marine x2  
  167  10:44  Planetary Fortress, Marine  
  167  10:45  Medivac  
  167  10:46  Medivac, Marine x2  
  173  10:50  Marauder, Marine  
  173  10:53  Marine  
  173  10:56  Marine x2  
  169  11:02  Marine  
  169  11:03  Refinery  
  166  11:04  Marine x2  
  166  11:06  Sensor Tower  
  166  11:08  Marine  
  166  11:11  SCV, Marine x2  
  168  11:12  Sensor Tower  
  168  11:14  Marine  
  168  11:18  Marine, Terran Infantry Weapons Level 3  
  171  11:21  Medivac  
  171  11:23  Medivac  
  172  11:33  Marine x2  
  172  11:34  Marauder  
  172  11:37  Marauder, Siege Tank, Marine x3  
  172  11:39  Marine  
  172  11:43  Barracks Tech Lab x2  
  172  11:44  Barracks Tech Lab  
  173  11:51  Medivac, Marine x2  
  176  11:54  Marine  
  176  11:55  Marauder, Missile Turret, Marine  
  176  11:59  Marauder  
  182  12:04  Terran Infantry Armor Level 3  
  182  12:05  Marine  
  182  12:08  Command Center  
  183  12:14  Terran Vehicle Weapons Level 2  
  178  12:17  Siege Tank, Marine  
  178  12:18  Marauder, Marine x5  
  178  12:19  Marine  
  184  12:33  Marauder, Marine x2  
  184  12:35  Marine x2  
  185  12:39  Marine x3  
  185  12:40  Siege Tank  
  185  12:42  Marine x2  
  193  12:47  Siege Tank, Refinery  
  196  12:51  Siege Tank  
  196  12:54  Marine  
  178  13:08  Marine x2  
  178  13:09  Marauder, Marine x7  
  178  13:12  Siege Tank, Marine  
  190  13:19  Siege Tank  
  193  13:26  Marine x3  
  189  13:29  Command Center  
  189  13:32  Ghost x2  
  193  13:38  Marauder, Marine x3  
  193  13:40  Liberator  
  195  13:48  Marauder, Marine x4  
  182  13:52  Medivac  
  167  13:55  Marine  
  167  13:56  Marine  
  167  14:00  Marauder  
  167  14:02  Ghost, Marine  
  171  14:04  Siege Tank  
  171  14:07  Marauder  
  155  14:12  Planetary Fortress  
  155  14:13  Marine  
  155  14:14  Marauder  
  155  14:16  SCV x2  
  160  14:17  Marine  
  160  14:23  Marine x3  
  160  14:24  Marauder, Marine  
  167  14:26  Siege Tank  
  167  14:29  Siege Tank  
  173  14:32  Medivac  
  173  14:34  Marine x2  
  173  14:35  Marauder  
  173  14:37  Personal Cloaking  
  178  14:44  Marauder, Marine x3  
  183  14:47  Marauder, Marine x3  
  183  14:52  Terran Vehicle Weapons Level 3  
  187  14:53  Marauder, Marine  
  187  14:55  Marine  
  190  15:01  Marine  
  190  15:02  Marine x2  
  190  15:05  Marauder, Marine  
  195  15:10  Marauder, Marine x3  
  200  15:16  Liberator x2  
  200  15:19  Marine  
  180  15:23  Marauder, Marine  
  180  15:24  Marauder, Siege Tank, Marine x2  
  180  15:25  Planetary Fortress  
  180  15:26  Marine  
  184  15:35  Marauder, Marine x3  
  193  15:40  Marine  
  194  15:45  Marauder  
  194  15:47  Marauder, Marine x2  
  200  15:55  Marauder, Marine x4  
  190  16:03  Marauder, Siege Tank, Marine  
  183  16:04  Marine x2  
  183  16:05  SCV x3  
  183  16:06  Marauder  
  183  16:08  Marine  
  181  16:12  Marine  
  181  16:13  Marauder, Marine x2  
  181  16:16  Marine  
  168  16:20  Marine  
  168  16:22  Marine x2  
  168  16:24  Marauder  
  168  16:25  SCV  
  169  16:26  SCV, Marine  
  169  16:27  Marine  
  169  16:30  Marine x2  
  174  16:34  Marauder  
  174  16:35  Marine  
  174  16:36  Marauder  
  174  16:38  Marine  
  163  16:40  Marine  
  163  16:43  Marine  
  163  16:44  Marauder  
  163  16:45  Marauder, Marine  
  147  16:48  Marine x2  
  145  16:56  Marauder  
Show
View Real Time Build Order
Export as new Build Order

Astrea Protoss 

Build Orders: Double Forge, Phoenix Opening, Colossus Rush 

Get SALT Encoding   

  12  0:00  Probe  
  13  0:13  Probe  
  14  0:17  Pylon  
  14  0:24  Probe  
  15  0:32  Probe  
  15  0:37  Gateway  
  15  0:40  Probe  
  16  0:46  Assimilator  
  17  0:50  Probe  
  17  0:54  Assimilator  
  18  0:58  Probe  
  19  1:05  Pylon  
  19  1:07  Probe  
  20  1:17  Probe  
  20  1:23  Cybernetics Core  
  21  1:29  Probe  
  24  1:41  Probe  
  25  1:53  Sentry  
  25  1:54  Probe  
  26  1:58  Nexus  
  24  2:04  Warp Gate  
  24  2:06  Probe  
  27  2:18  Sentry, Probe  
  27  2:21  Pylon  
  30  2:26  Phoenix  
  30  2:30  Probe  
  30  2:35  Robotics Facility  
  31  2:42  Probe  
  32  2:45  Stalker  
  34  2:55  Probe  
  35  3:04  Probe  
  35  3:07  Probe  
  35  3:12  Probe  
  37  3:15  Stalker, Probe  
  41  3:21  Probe  
  41  3:26  Observer  
  41  3:27  Probe  
  42  3:33  Probe  
  44  3:39  Probe  
  45  3:45  Probe  
  45  3:47  Nexus  
  46  3:48  Pylon  
  46  3:51  Probe  
  47  3:57  Probe  
  48  4:03  Probe  
  48  4:05  Probe  
  50  4:10  Robotics Bay  
  50  4:11  Immortal, Probe  
  50  4:13  Probe  
  55  4:17  Pylon  
  55  4:18  Sentry  
  55  4:19  Probe  
  55  4:22  Assimilator  
  55  4:23  Assimilator  
  55  4:24  Probe  
  59  4:29  Probe  
  59  4:31  Forge  
  61  4:37  Probe, Forge  
  62  4:41  Probe  
  63  4:46  Observer  
  63  4:49  Probe  
  64  4:53  Probe  
  64  4:57  Colossus, Probe  
  65  5:00  Gateway x2  
  65  5:01  Probe  
  65  5:05  Probe x2  
  65  5:06  Protoss Ground Armor Level 1  
  68  5:08  Protoss Ground Weapons Level 1  
  68  5:11  Observer  
  68  5:13  Probe  
  76  5:15  Probe  
  76  5:18  Probe  
  78  5:24  Colossus  
  78  5:25  Probe  
  78  5:27  Probe  
  80  5:29  Extended Thermal Lance  
  80  5:30  Probe  
  80  5:31  Pylon  
  81  5:37  Probe  
  81  5:41  Colossus  
  81  5:43  Probe  
  82  5:50  Probe x2, Pylon  
  82  5:52  Assimilator  
  82  5:56  Twilight Council  
  90  5:57  Photon Cannon  
  90  5:59  Photon Cannon  
  90  6:01  Pylon  
  90  6:06  Pylon  
  90  6:10  Gateway  
  90  6:12  Gateway, Blink  
  90  6:13  Stalker  
  92  6:24  Stalker x2  
  96  6:27  Photon Cannon  
  96  6:28  Photon Cannon  
  96  6:32  Shield Battery  
  96  6:37  Colossus  
  102  6:41  Stalker  
  102  6:44  Pylon  
  104  6:57  Gateway  
  104  6:58  Stalker x2  
  104  6:59  Gateway  
  105  7:06  Probe x3  
  97  7:11  Protoss Ground Armor Level 2, Protoss Ground Weapons Level 2  
  97  7:14  Probe x2  
  94  7:18  Probe  
  94  7:22  Photon Cannon, Probe x2  
  99  7:30  Probe  
  99  7:32  Probe x2  
  99  7:35  Warp Prism  
  104  7:42  Probe  
  105  7:44  Probe x2  
  107  7:55  Probe  
  108  8:03  Stalker, Charge  
  108  8:04  Stalker x6  
  122  8:09  Pylon  
  122  8:14  Pylon  
  122  8:16  Pylon  
  123  8:27  Nexus  
  123  8:30  Pylon  
  123  8:37  Stalker x5  
  133  8:44  Gateway  
  133  8:48  Pylon  
  133  8:49  Disruptor  
  133  9:02  Zealot x7  
  146  9:14  Protoss Ground Armor Level 3, Protoss Ground Weapons Level 3  
  146  9:15  Pylon  
  146  9:16  Pylon x2  
  146  9:24  Zealot  
  146  9:36  Zealot x4  
  146  9:37  Zealot x2  
  156  9:39  Disruptor  
  114  10:09  Stalker x8  
  114  10:10  Probe  
  114  10:11  Probe x3  
  127  10:23  Probe x4  
  131  10:30  Pylon  
  131  10:32  Pylon  
  131  10:35  Probe x3  
  134  10:45  Probe  
  134  10:47  Probe x3  
  126  10:53  Zealot x3  
  126  10:54  Zealot  
  132  10:58  Probe  
  132  10:59  Probe  
  132  11:06  Probe x2  
  129  11:12  Probe x2  
  129  11:18  Probe  
  130  11:20  Disruptor  
  130  11:21  Templar Archives  
  133  11:30  Probe x2  
  111  11:42  Probe x4  
  113  11:54  Probe x2  
  115  11:55  Colossus  
  115  11:57  Zealot x3, High Templar x2  
  115  11:58  High Templar  
  115  11:59  Psionic Storm  
  115  12:01  Zealot, High Templar  
  135  12:02  Archon  
  135  12:06  Archon  
  135  12:10  Probe x4  
  135  12:26  Pylon  
  135  12:32  Zealot x7  
  135  12:33  Zealot  
  135  12:34  Gateway  
  135  12:36  Gateway  
  150  12:44  Protoss Shields Level 1  
  150  12:54  High Templar x3  
  150  12:55  High Templar  
  150  12:56  Zealot x3  
  140  13:11  Colossus  
  138  13:13  Zealot  
  140  13:30  Nexus  
  140  13:33  Zealot x4  
  140  13:34  Zealot x6  
  139  13:58  Zealot x8  
  139  14:01  Probe  
  151  14:03  Probe  
  151  14:05  Warp Prism  
  152  14:24  High Templar x2  
  152  14:25  High Templar x2  
  152  14:28  Zealot x3  
  152  14:29  Zealot, Archon  
  168  14:35  Observer  
  168  14:44  Nexus  
  169  14:47  Pylon  
  169  14:58  Gravitic Drive  
  167  15:02  Zealot x5, High Templar x2  
  181  15:10  Probe x2  
  181  15:11  Probe x2  
  170  15:34  Stalker  
  170  15:35  Stalker x2  
  167  15:36  Zealot x4  
  167  15:37  Zealot x2  
  173  16:03  Zealot x7  
  173  16:04  Zealot x2  
  168  16:16  Archon  
  134  16:27  Zealot x10  
Tags
 
Add a new tag
Caveats
  • Supply blocks, unpowered buildings, or Contaminate may cause inaccurate times.
  • Supply counts are checked every 10 seconds.